 Dungeon Crawl Stone Soup version 0.26.1-11-gd32895ea62 (webtiles) character file.

Game seed: 3507802305672138751

24131 Fymir27 the Fighter (level 13, -7/122 HPs)
             Began as a Hill Orc Fighter on Feb 14, 2021.
             Was an Elder of Makhleb.
             Mangled by a minotaur
             ... wielding an uncursed staff of earth
              (12 damage)
             ... in a Gauntlet on July 5, 2021.
             The game lasted 01:31:21 (14015 turns).

Fymir27 the Fighter (Hill Orc Fighter)             Turns: 14015, Time: 01:31:24

Health: -7/122     AC: 18    Str: 21    XL:     13   Next: 11%
Magic:  20/20      EV:  9    Int: 15    God:    Makhleb [****..]
Gold:   439        SH: 12    Dex: 12    Spells: 12/12 levels left

rFire    + . .     SeeInvis .   v - +1 morningstar (vorpal)
rCold    . . .     Faith    .   c - +0 kite shield
rNeg     . . .     Spirit   .   V - +2 chain mail {rF+}
rPois    .         Reflect  .   i - +2 hat {Will+}
rElec    .         Harm     .   C - scarf {shadows}
rCorr    .         Rampage  .   o - +0 pair of gloves
Will     +....     NoTele   +   q - +0 pair of boots (curse)
Stlth    ..........             z - amulet of the acrobat
HPRegen  0.30/turn              s - +4 ring of slaying
MPRegen  0.17/turn              Z - +6 ring of intelligence

@: no status effects
A: no striking features
a: Renounce Religion, Minor Destruction, Lesser Servant of Makhleb, Major
Destruction


You were in a Gauntlet.
You worshipped Makhleb.
Makhleb was greatly pleased with you.
You visited 3 branches of the dungeon, and saw 14 of its levels.
You also visited: Ossuary and Gauntlet.

You collected 703 gold pieces.
You spent 264 gold pieces at shops.

Inventory:

Hand Weapons
 a - the +4 hand axe of the Inferno {vorpal, rElec Stlth+}
   (You bought it in a shop on level 7 of the Dungeon)

   It inflicts extra damage upon your enemies.
   It insulates you from electricity.
   It makes you more stealthy.
 d - a +4 scimitar of flaming
 v - a +1 vorpal morningstar (weapon)
Missiles
 e - 4 silver boomerangs (quivered)
 h - 230 stones
 R - 20 poisoned darts
Armour
 b - the +3 plate armour "Lineg" {Regen+ Str+6}
   (You found it on level 10 of the Dungeon)

   It affects your strength (+6).
   It increases your rate of regeneration.
 c - a +0 kite shield (worn)
 i - a +2 hat of willpower (worn)
 m - a +0 cloak
 o - a +0 pair of gloves (worn)
 q - a cursed +0 pair of boots (worn)
 C - a scarf of shadows (worn)
 V - a +2 chain mail of fire resistance (worn)
Jewellery
 s - a +4 ring of slaying (left hand)
 z - an amulet of the acrobat (around neck)
 G - an uncursed ring of flight
 M - an uncursed ring of resist corrosion
 Y - an uncursed ring of wizardry
 Z - a +6 ring of intelligence (right hand)
Wands
 g - a wand of flame (12)
 p - a wand of disintegration (11)
 D - a wand of paralysis (3)
 F - a wand of enslavement (16)
 I - a wand of iceblast (14)
 X - a wand of digging (3)
Scrolls
 k - a scroll of magic mapping
 n - 3 scrolls of identify
 y - 13 scrolls of remove curse
 A - 5 scrolls of teleportation
 E - a scroll of fear {unknown}
 H - a scroll of fog {unknown}
 K - a scroll of vulnerability {unknown}
 N - 2 scrolls of enchant weapon {unknown}
 P - a scroll of noise {unknown}
 Q - 4 scrolls of enchant armour {unknown}
 S - 3 scrolls of holy word {unknown}
 T - 4 scrolls of blinking {unknown}
 W - 4 scrolls of immolation {unknown}
Potions
 f - 2 potions of flight
 j - 3 potions of curing
 l - 2 potions of degeneration {unknown}
 r - 2 potions of berserk rage
 t - a potion of ambrosia {unknown}
 u - a potion of brilliance {unknown}
 w - 4 potions of lignification
 x - a potion of resistance {unknown}
 B - 4 potions of mutation {unknown}
 J - a potion of magic {unknown}
 O - 2 potions of invisibility {unknown}
 U - a potion of might
Miscellaneous
 L - a phial of floods (inert)


   Skills:
 + Level 13.4 Fighting
 - Level 5.9(9.8) Axes
 * Level 10.2(10.7) Maces & Flails
 + Level 10.3 Armour
 * Level 4.2 Dodging
 + Level 10.3 Shields
 - Level 10.0 Invocations


You had 12 spell levels left.
You didn't know any spells.
Your spell library contained the following spells:

 Spells                   Type           Power        Failure   Level
 Foxfire                  Conj/Fire      0%           97%         1
 Freeze                   Ice            0%           97%         1
 Sandblast                Erth           0%           97%         1
 Sting                    Tmut/Pois      0%           97%         1
 Poisonous Vapours        Pois/Air       0%           99%         2
 Conjure Flame            Conj/Fire      0%           100%        3
 Frozen Ramparts          Ice            0%           100%        3
 Ignite Poison            Fire/Tmut/Pois 0%           100%        3
 Inner Flame              Hex/Fire       0%           100%        3
 Mephitic Cloud           Conj/Pois/Air  0%           100%        3
 Ozocubu's Armour         Ice            0%           100%        3
 Hailstorm                Conj/Ice       0%           100%        4
 Olgreb's Toxic Radiance  Pois           0%           100%        4
 Petrify                  Tmut/Erth      0%           100%        4
 Sticky Flame             Conj/Fire      0%           100%        4
 Summon Ice Beast         Ice/Summ       0%           100%        4
 Alistair's Intoxication  Tmut/Pois      0%           100%        5
 Blade Hands              Tmut           0%           100%        5
 Fireball                 Conj/Fire      0%           100%        5
 Lee's Rapid Deconstruct  Erth           0%           100%        5


Dungeon Overview and Level Annotations

Branches:
Dungeon (11/15)            Temple (1/1) D:5            Lair (2/6) D:9
    Orc (0/2) D:10        Ossuary (visited)         Gauntlet (1/1)
  Swamp: Lair:2-4    Shoals: Lair:2-4     Snake: Lair:2-4    Spider: Lair:2-4

Altars:
Cheibriados
Dithmenos
Elyvilon
Fedhas
Gozag
Kikubaaqudgha
Makhleb
Okawaru
Qazlal
Sif Muna
The Shining One
Beogh

Shops:
D:7 (*

Portals:
Trove: D:10 (give 12 scrolls of teleportation)

Annotations:
D:3 Sigmund!, Sigmund Gauntlet 1 transporter


Message History

A demon appears!
You see here 3 javelins.
You hit the minotaur but do no damage.
The minotaur is severely wounded.
The minotaur hits you but does no damage.
The minotaur gores you but does no damage.
Your hellwing hits the minotaur but does no damage. x2
Your chain mail prevents you from hitting the minotaur.
The minotaur furiously retaliates!
The minotaur headbutts you!
* * * LOW HITPOINT WARNING * * *
The minotaur is severely wounded.
Your hellwing hits the minotaur.
Your hellwing hits the minotaur but does no damage.
You catch the helpless minotaur completely off-guard!
You bludgeon the minotaur!!
The minotaur is almost dead.
The minotaur hits you with an uncursed staff of earth!
* * * LOW HITPOINT WARNING * * *
The minotaur gores you!
You die...

#. ...#.8
##....##.8.#.⌠.
...##.##.©.#.8.
#.##....8.#...
#....##.©.#...#
######.##.##.8.#.8.# #
#∩...'.##.@H.©.#.∩.#
#. ####.(..##48(#.8.#
#.##....##.##.©.#...#
#..(.##.##....8.#...#
#..##.##....##(©.#.8.#
## #....##.##.8.#.⌠.#
#....##.##......#.8.#
####.##....##...#...#
##########≈≈≈#...#


You could see a minotaur (very poisoned) and a friendly hellwing (summoned).

Vanquished Creatures
  Erica (D:8)
  2 two-headed ogres
  A fire crab (Gauntlet)
  The ghost of KamiKatze the Destroyer, a novice DrCj of Vehumet (D:9)
  An unseen horror (D:10)
  8 elephants
  Maurice (D:10)
  A black mamba (Lair:2)
  5 cane toads
  A torpor snail (Lair:2)
  A centaur skeleton (D:10)
  6 komodo dragons
  A troll (D:9)
  A meliai (D:9)
  29 yaks
  2 wyverns (D:9)
  3 hogs (D:8)
  3 fire bats (Gauntlet)
  A human (D:8)
  Menkaure (D:4)
  A basilisk (D:9)
  6 water moccasins
  2 ice beasts
  5 orc warriors
  A sky beast (D:7)
  4 ogres
  6 centaurs
  9 wolves
  4 bullfrogs
  5 scorpions
  4 wights
  2 howler monkeys
  2 centaur zombies (Ossuary)
  3 hounds
  A bullfrog zombie (D:10)
  A quasit (D:7)
  2 jellies
  6 orc wizards
  4 orc priests
  A bullfrog skeleton (D:5)
  Jessica (D:10)
  An iguana (D:4)
  Ijyb (D:5)
  Terence (D:2)
  7 worker ants
  2 big kobold zombies (Ossuary)
  6 mummies
  A worker ant zombie (D:7)
  2 gnolls (D:1)
  9 adders
  A howler monkey skeleton (D:4)
  2 shadow imps
  3 ufetubi
  3 oozes
  An adder zombie (D:5)
  An adder skeleton (D:4)
  A dart slug (D:2)
  5 leopard geckos
  27 orcs
  A ball python (D:2)
  8 giant cockroaches
  14 goblins
  9 hobgoblins
  20 jackals
  4 kobolds
  3 quokkas
  8 bats
  4 frilled lizards
  A goblin zombie (D:6)
  2 hobgoblin zombies (Ossuary)
  An orc zombie (D:6)
  A quokka skeleton (D:7)
  7 rats
297 creatures vanquished.

Vanquished Creatures (collateral kills)
  Gastronok (Lair:1)
  Erolcha (D:9)
  2 two-headed ogres (D:8)
  Pikel (D:7)
  A cane toad (D:9)
  2 meliai (D:9)
  2 yaks (D:9)
  2 wargs
  A water moccasin (D:9)
  An orc warrior (D:10)
  An orc priest (D:10)
  An iguana (D:7)
  An ufetubus (D:10)
  2 orcs (D:10)
19 creatures vanquished.

Vanquished Creatures (others)
  2 bushes (D:9)
  5 fungi
  46 plants
53 creatures vanquished.

Grand Total: 369 creatures vanquished

Notes
Turn   | Place    | Note
-------+----------+-------------------------------------------
     0 | D:1      | Fymir27 the Hill Orc Fighter began the quest for the Orb.
     0 | D:1      | Reached XP level 1. HP: 19/19 MP: 1/1
    21 | D:1      | Upgraded the game from 0.26.1-2-gb8aa6d0cf2 to
                  | 0.26.1-11-gd32895ea62
   184 | D:1      | Reached XP level 2. HP: 27/27 MP: 2/2
   569 | D:1      | Reached skill level 4 in Fighting
   676 | D:1      | Reached XP level 3. HP: 33/33 MP: 3/3
  1492 | D:2      | Found a burning altar of Makhleb.
  1495 | D:2      | Found a white marble altar of Elyvilon.
  1495 | D:2      | Found a glowing golden altar of the Shining One.
  1499 | D:2      | Became a worshipper of Makhleb the Destroyer
  1582 | D:2      | Noticed Terence
  1631 | D:2      | Killed Terence
  1632 | D:2      | Reached XP level 4. HP: 31/40 MP: 4/4
  2401 | D:2      | Reached * piety under Makhleb
  2402 | D:2      | Reached XP level 5. HP: 45/47 MP: 5/5
  2479 | D:2      | Found a snail-covered altar of Cheibriados.
  2682 | D:3      | Found a faded altar of an unknown god.
  2685 | D:3      | Noticed Sigmund
  3044 | D:4      | Noticed Menkaure
  3146 | D:4      | Reached skill level 5 in Fighting
  3146 | D:4      | Reached skill level 1 in Invocations
  3167 | D:4      | Reached XP level 6. HP: 52/56 MP: 6/6
  3504 | D:4      | Found an opulent altar of Gozag.
  3670 | D:4      | Reached ** piety under Makhleb
  3840 | D:5      | Entered Level 5 of the Dungeon
  3876 | D:5      | Noticed an ice beast
  3879 | D:5      | Noticed Ijyb
  3901 | D:4      | Killed an ice beast
  3902 | D:4      | Reached skill level 6 in Fighting
  3902 | D:4      | Reached XP level 7. HP: 63/63 MP: 8/8
  3918 | D:4      | Killed Menkaure
  3919 | D:4      | Reached skill level 5 in Armour
  3919 | D:4      | Reached skill level 5 in Shields
  4198 | D:5      | Found a staircase to the Ecumenical Temple.
  4492 | Temple   | Entered the Ecumenical Temple
  4765 | D:5      | Reached XP level 8. HP: 71/71 MP: 10/10
  4853 | D:5      | Reached skill level 7 in Fighting
  5081 | D:5      | Paralysed by Ijyb for 6 turns
  5107 | D:5      | Killed Ijyb
  5583 | D:6      | Reached skill level 5 in Maces & Flails
  5622 | D:6      | Found a sand-covered staircase.
  5633 | Ossuary  | Entered an ossuary
  5772 | Ossuary  | Reached skill level 8 in Fighting
  6252 | D:7      | Reached skill level 5 in Invocations
  6252 | D:7      | Reached XP level 9. HP: 69/82 MP: 12/12
  6307 | D:7      | Noticed a gargoyle
  6325 | D:7      | Reached *** piety under Makhleb
  6331 | D:7      | Noticed Pikel
  6335 | D:7      | Noticed a two-headed ogre
  6376 | D:7      | Found Cicun's Antique Weapon Emporium.
  6390 | D:7      | Bought a pitted hand axe for 264 gold pieces
  6390 | D:7      | Identified the +4 hand axe of the Inferno {vorpal, rElec
                  | Stlth+} (You bought it in a shop on level 7 of the Dungeon)
  6396 | D:7      | Found Dyomn's Elemental Accessories.
  6557 | D:7      | Killed Pikel
  6558 | D:7      | Reached skill level 9 in Fighting
  6558 | D:7      | Reached skill level 1 in Axes
  6573 | D:7      | Identified the Handbook of Mutagenic Stones
  6668 | D:7      | Killed a two-headed ogre
  7120 | D:8      | Noticed a two-headed ogre
  7127 | D:8      | Killed a two-headed ogre
  7167 | D:7      | Reached skill level 10 in Fighting
  7451 | D:8      | Found a stormy altar of Qazlal.
  7455 | D:8      | Found a shadowy altar of Dithmenos.
  7455 | D:8      | Found a shimmering blue altar of Sif Muna.
  7457 | D:8      | Found an iron altar of Okawaru.
  7460 | D:8      | Found an ancient bone altar of Kikubaaqudgha.
  7536 | D:8      | Reached XP level 10. HP: 93/93 MP: 14/14
  7739 | D:8      | Noticed Erica
  7750 | D:8      | Killed Erica
  7842 | D:8      | Found a stormy altar of Qazlal.
  8055 | D:8      | Noticed a two-headed ogre
  8122 | D:8      | Killed a two-headed ogre
  8123 | D:8      | Reached skill level 11 in Fighting
  8123 | D:8      | Reached skill level 5 in Axes
  8461 | D:9      | Found a blossoming altar of Fedhas.
  8592 | D:9      | Identified the cursed +1 war axe of Hezxur {vorpal, Str+3}
  8592 | D:9      | Identified the +3 chain mail "Deily" {Str+8}
  8594 | D:9      | Noticed KamiKatze's ghost (novice DrCj)
  8722 | D:9      | Found a runed translucent gate.
  8722 | D:9      | Found a runed translucent gate.
  8722 | D:9      | Found a runed translucent gate.
  8723 | D:9      | Found a roughly hewn altar of Beogh.
  8747 | D:9      | Killed KamiKatze's ghost
  9261 | D:9      | Reached XP level 11. HP: 103/103 MP: 17/17
  9351 | D:9      | Noticed Erolcha
  9378 | D:9      | Killed Erolcha
  9449 | D:9      | Found a staircase to the Lair.
  9467 | D:9      | Reached skill level 12 in Fighting
  9742 | D:9      | Noticed a two-headed ogre
  9778 | D:9      | Killed a two-headed ogre
 10293 | Lair:1   | Entered Level 1 of the Lair of Beasts
 11037 | D:10     | Entered Level 10 of the Dungeon
 11047 | D:10     | Found a portal to a secret trove of treasure.
 11076 | D:10     | Reached **** piety under Makhleb
 11267 | D:10     | Noticed Jessica
 11269 | D:10     | Killed Jessica
 11276 | D:10     | Found a shimmering blue altar of Sif Muna.
 11480 | D:10     | Reached XP level 12. HP: 89/113 MP: 19/19
 11688 | D:10     | Found a staircase to the Orcish Mines.
 11692 | D:10     | Noticed Maurice
 11697 | D:10     | Got a shimmering plate armour
 11729 | D:10     | Killed Maurice
 12559 | Lair:1   | Reached skill level 10 in Invocations
 12626 | Lair:1   | Identified the +3 plate armour "Lineg" {Regen+ Str+6} (You
                  | found it on level 10 of the Dungeon)
 12859 | Lair:1   | Reached skill level 1 in Dodging
 12897 | Lair:1   | Reached skill level 13 in Fighting
 13235 | Lair:1   | Noticed Gastronok
 13250 | Lair:1   | Killed Gastronok
 13251 | Lair:1   | Reached skill level 10 in Armour
 13495 | Lair:2   | Reached skill level 10 in Shields
 13670 | Lair:2   | Reached skill level 10 in Maces & Flails
 13670 | Lair:2   | Reached XP level 13. HP: 122/122 MP: 20/20
 13763 | Lair:2   | Found a gate leading to a gauntlet.
 13771 | Gauntlet | Entered a Gauntlet
 13771 | Gauntlet | Found a transporter.
 13779 | Gauntlet | Found a transporter.
 13782 | Gauntlet | Found a transporter.
 13825 | Gauntlet | Found a transporter.
 13970 | Gauntlet | Noticed a minotaur
 14015 | Gauntlet | HP: 5/122 [minotaur/uncursed staff of earth (7)]
 14015 | Gauntlet | Mangled by a minotaur

Illustrated notes

Levels and vault maps discovered:
D:1:      shiori_arrival_oz, layout_basic, minmay_misc_feat_ornament,
          minivault_25
D:2:      layout_basic, grunt_temple_overflow_open, cheibriados_altar_1,
          hangedman_feature_mirror, minmay_heptomino_h4, uniq_terence
D:3:      layout_rooms, chequers_ecumenical_altar_simple_redux, uniq_sigmund
D:4:      layout_rooms, lemuel_coloured_pillars_altar, uniq_menkaure
D:5:      layout_basic, minmay_temple_entry_glass, interstate_on_off, uniq_ijyb
D:6:      layout_rooms, nicolae_ossuary_entry_giza
D:7:      minmay_the_grid_four_pointed_star
          [minmay_the_grid_triangle_9x9_dagger,
          minmay_the_grid_triangle_9x9_odd_lines,
          minmay_the_grid_triangle_9x9_corrupted_corridor,
          minmay_the_grid_triangle_9x9_stretched_checkered,
          minmay_the_grid_prize_shrinking_boxes], layout_basic, serial_shops,
          nicolae_shop_trees, nicolae_elemental_shop, uniq_pikel
D:8:      layout_basic, minitemple, grunt_livestock, lemuel_tele_altar,
          uniq_erica
D:9:      lemuel_flame_loot_2, layout_loops_ring, minmay_lair_entry_grove,
          biasface_ghost_orc_armoury, fedhas_altar_decomposition, uniq_erolcha
D:10:     layout_irregular_city, david_orc_1_choice, enter_trove_2,
          minivault_19, hex_large, tgw_sif, uniq_maurice
D:11:     minmay_glassy_protrusions, layout_cave_pools, basic_altar
Temple:   hc_temple_tempest_star
Lair:1:   layout_roguey, uniq_gastronok
Lair:2:   layout_cave_pods, palyth_hydra_swamp_entry, gauntlet_entry_generic,
          infiniplex_staircase_pool_2
Gauntlet: gammafunk_gauntlet_77_escape_option [minmay_gauntlet_arena_77_museum,
          minmay_gauntlet_arena_77_tiled_triplets,
          minmay_gauntlet_arena_77_broken_ladder,
          minmay_gauntlet_arena_77_terracotta_army,
          minmay_gauntlet_arena_77_two_lines, gauntlet_exit_green]

Skill      XL: |  1  2  3  4  5  6  7  8  9 10 11 12 13 |
---------------+----------------------------------------+-----
Fighting       | 4 5 6 8 10 11 12 13 | 13.4
Armour         | 4 5 6 7 8 9 10 | 10.3
Shields        | 4 5 6 7 8 9 10 | 10.3
Maces & Flails | 3 4 5 7 10 | 10.2
Invocations    | 1 2 3 5 6 8 9 10 | 10.0
Axes           | 3 5 |  5.9
Dodging        | 3 4 |  4.2

Action                   |  1- 3 |  4- 6 |  7- 9 | 10-12 | 13-15 || total
-------------------------+-------+-------+-------+-------+-------++-------
Melee: Flail             |   137 |   197 |   242 |       |       ||   576
       Spear             |       |       |    17 |       |       ||    17
       Hand axe          |       |       |    75 |    76 |    19 ||   170
       Morningstar       |       |       |       |   446 |    21 ||   467
       Unarmed           |       |       |       |     1 |       ||     1
Throw: Stone             |     8 |     4 |       |       |       ||    12
       Boomerang         |       |       |    41 |     3 |       ||    44
Invok: Minor Destruction |       |     1 |     4 |    65 |     2 ||    72
       Lesser Servant of |       |       |     2 |     9 |     5 ||    16
 Abil: Evoke Flight      |       |       |       |     1 |       ||     1
Evoke: Wand              |       |       |     6 |       |       ||     6
       Phial of floods   |       |       |       |     1 |     1 ||     2
  Use: Scroll            |       |     4 |     7 |     4 |       ||    15
       Potion            |       |       |     3 |     4 |       ||     7
 Stab: Paralysed         |       |       |    19 |       |       ||    19
       Distracted        |       |       |       |     1 |     1 ||     2
Armor: Scale mail        |    52 |    94 |    92 |       |       ||   238
       Chain mail        |       |       |    55 |   196 |    24 ||   275
       Plate armour      |       |       |       |    59 |     7 ||    66
Dodge: Dodged            |    37 |    62 |   120 |   163 |    31 ||   413
Block: Kite shield       |    68 |    98 |   143 |   301 |    26 ||   636
